 Dungeon Crawl Stone Soup version 0.31.0-11-ge490571c62 (webtiles) character file.

Game seed: 17628886196700573827

1836 Esekla the Magician (level 9, -11/41 (46) HPs)
             Began as a Vine Stalker Warper on Jan 31, 2024.
             Was a Believer of Vehumet.
             Killed by divine providence
             ... invoked by Jeremiah
              (13 damage)
             ... on level 6 of the Dungeon.
             The game lasted 00:41:52 (5751 turns).

Esekla the Magician (Vine Stalker Warper)           Turns: 5751, Time: 00:41:53

HP:   -11/41 (46)   AC: 10    Str: 14    XL:     9   Next: 11%
MP:   0/27          EV: 12    Int: 17    God:    Vehumet [**....]
Gold: 227           SH:  5    Dex: 14    Spells: 14/19 levels left

rFire   . . .        a - +2 falchion (freeze)
rCold   . . .        (no shield)
rNeg    . . .        z - +0 steam dragon scales
rPois   .            (no helmet)
rElec   .            E - +0 cloak
rCorr   .            (no gloves)
SInv    .            (no boots)
Will    +....        j - amulet of reflection
Stlth   ++           w - ring of magical power
HPRegen 1.06/turn    u - +4 ring of protection
MPRegen 0.20/turn

%: reflection, guardian spirit
@: freezing walls, heavily drained
A: fangs 3, regeneration 1, magic shield, antimagic bite, no potion heal 2
a: Renounce Religion


You were on level 6 of the Dungeon.
You worshipped Vehumet.
Vehumet was pleased with you.
You visited 2 branches of the dungeon, and saw 7 of its levels.

You collected 227 gold pieces.

Inventory:

Hand Weapons
 a - a +2 falchion of freezing (weapon)
 b - a +0 trident
 s - a +0 dagger of electrocution
Missiles
 e - 4 boomerangs
 o - a poisoned dart (quivered)
Armour
 z - +0 steam dragon scales (worn)
 E - a +0 cloak (worn)
Jewellery
 i - a ring of flight
 j - an amulet of reflection (around neck)
 u - a +4 ring of protection (right hand)
 w - a ring of magical power (left hand)
 C - a ring of see invisible
Wands
 m - a wand of flame (66)
Scrolls
 c - a scroll of blinking
 f - a scroll of vulnerability {unknown}
 h - 2 scrolls of teleportation
 k - a scroll of fear {unknown}
 t - a scroll of revelation {unknown}
 x - a scroll of amnesia {unknown}
 y - a scroll of enchant armour {unknown}
 A - a scroll of noise {unknown}
Potions
 d - a potion of might {unknown}
 g - 2 potions of magic {unknown}
 l - a potion of mutation
 n - 2 potions of curing
 p - a potion of invisibility
 q - 3 potions of haste
 r - a potion of heal wounds {unknown}
 v - a potion of enlightenment
 B - a potion of degeneration {unknown}
 D - a potion of berserk rage {unknown}


   Skills:
 * Level 4.5 Fighting
 + Level 4.5 Long Blades
 + Level 1.3 Throwing
 - Level 0.7 Armour
 + Level 2.7 Dodging
 + Level 3.7 Stealth
 + Level 1.2 Shields
 * Level 5.7 Spellcasting
 * Level 2.2 Conjurations
 + Level 3.2 Translocations
 + Level 4.4 Ice Magic
 * Level 2.2 Alchemy


You had 14 spell levels left.
You knew the following spells:

 Your Spells              Type           Power      Damage    Failure   Level
b - Blink                 Tloc           30%        N/A       5%          2
r - Frozen Ramparts       Ice            40%        1d7       6%          3

Your spell library contained the following spells:

 Spells                   Type           Power      Damage    Failure   Level
 Kiss of Death            Conj/Necr      32%        2d7       9%          1
 Freeze                   Ice            80%        1d9       2%          1
 Lesser Beckoning         Tloc           30%        N/A       5%          2
 Foxfire                  Conj/Fire      32%        2x1d5     9%          1
 Hailstorm                Conj/Ice       16%        3d6       10%         3
 Teleport Other           Tloc           15%        N/A       11%         3
 Volatile Blastmotes      Fire/Tloc      20%        2d11      21%         3
 Dazzling Flash           Conj/Hex       16%        N/A       26%         3
 Manifold Assault         Tloc           15%        N/A       34%         4
 Inner Flame              Hex/Fire       4%         N/A       36%         3
 Vhi's Electric Charge    Tloc/Air       20%        N/A       56%         4
 Leda's Liquefaction      Alch/Erth      4%         N/A       63%         4
 Petrify                  Alch/Erth      8%         N/A       63%         4
 Irradiate                Conj/Alch      6%         3d13      82%         5
 Metabolic Englaciation   Hex/Ice        6%         N/A       83%         5
 Starburst                Conj/Fire      4%         6d3       100%        6
 Ignition                 Fire           2%         3d3       100%        8
 Maxwell's Capacitive Co  Air            2%         ∞         100%        8


Dungeon Overview and Level Annotations

Branches:
Dungeon (6/15)             Temple (1/1) D:6

Altars:
Ashenzari
Cheibriados
Dithmenos
Elyvilon
Fedhas
Gozag
Hepliaklqana
Kikubaaqudgha
Makhleb
Nemelex Xobeh
Okawaru
Qazlal
Ru
Sif Muna
Trog
Uskayaw
Vehumet
Wu Jian
Xom
Yredelemnul
Zin
The Shining One

Annotations:
D:5 Edmund
D:6 Jeremiah


Innate Abilities, Weirdness & Mutations

You have razor-sharp teeth.
Your natural rate of healing is unusually fast.
When hurt, damage is shared between your health and your magic reserves.
Your bite disrupts and absorbs the magic of your enemies.
Potions cannot restore your health.


Message History

You kill the butterfly!
The butterfly disappears in a burst of colours!
The wall freezes the butterfly.
You kill the butterfly!
The butterfly disappears in a burst of colours!
The wall freezes Jeremiah.
Jeremiah hits you with a +3 trident of draining!
* * * LOW HITPOINT WARNING * * *
You feel drained.
* * * LOW HITPOINT WARNING * * *
You hit Jeremiah. You freeze Jeremiah. Your bite misses Jeremiah.
Jeremiah is heavily wounded.
The wall freezes the butterfly.
You kill the butterfly!
The butterfly disappears in a burst of colours!
The wall freezes the butterfly.
You kill the butterfly!
The butterfly disappears in a burst of colours!
The wall freezes the butterfly.
You kill the butterfly!
The butterfly disappears in a burst of colours!
The wall freezes the butterfly but does no damage.
The wall freezes the butterfly.
You kill the butterfly!
The butterfly disappears in a burst of colours!
The wall freezes Jeremiah.
Jeremiah says, "Oh, this is an awfully strange dream."
Jeremiah zaps a wand.
The bolt of light hits you!
You are confused.
* * * LOW HITPOINT WARNING * * *
Okay, then.
Your system rejects the healing.
You feel better.
The wall freezes the butterfly.
You kill the butterfly!
The butterfly disappears in a burst of colours!
The wall freezes Jeremiah.
Jeremiah lets out a twisted cry.
Something smites you!
You die...
Jeremiah asks, "Is it over?
Can I wake up now?"

#..b..b.b....
##....b......
##.#.......#.#
##.####....#.#.
########.##
##..#.#.#
#..##...##
#...#.>.
###.....#
#..#.#.#
##.bb##
#...#.#.
##F@..#
##...#.#
#.b##.##
#.....[
#.####.#
#####.# ###
#.## #.# ##.##
##.. #..#
###... ##.##
##..... ##.##
#......
#..###......


You could see Jeremiah.

Vanquished Creatures
  Maggie (D:6)
  Eustachio (D:6)
  A water moccasin (D:5)
  An orc warrior (D:6)
  2 black bears (D:5)
  An ogre (D:5)
  A centaur (D:5)
  A howler monkey (D:6)
  4 bombardier beetles
  2 jellies
  3 hounds
  Crazy Yiuf (D:6)
  2 orc priests
  7 iguanas
  2 orc wizards (D:6)
  2 sleepcaps
  5 adders
  A white imp (D:5)
  A ribbon worm (D:3)
  2 dart slugs
  25 orcs
  5 ball pythons
  2 endoplasms
  A giant cockroach (D:3)
  10 goblins
  6 hobgoblins
  3 jackals (D:4)
  7 kobolds
  3 quokkas
  3 bats (D:1)
  6 frilled lizards
  7 rats
119 creatures vanquished.

Vanquished Creatures (others)
  A human (D:3)
1 creature vanquished.

Grand Total: 120 creatures vanquished

Notes
Turn   | Place    | Note
-------+----------+-------------------------------------------
     0 | D:1      | Esekla the Vine Stalker Warper began the quest for the Orb.
     0 | D:1      | Reached XP level 1. HP: 11/11 MP: 4/4
    75 | D:1      | Found a faded altar of an unknown god.
    88 | D:1      | Reached XP level 2. HP: 15/15 MP: 6/6
    98 | D:1      | Got Plato's Folio of Ashes
   433 | D:3      | Reached XP level 3. HP: 18/18 MP: 7/7
   585 | D:4      | Learned a level 2 spell: Blink
   589 | D:4      | Learned a level 3 spell: Frozen Ramparts
   717 | D:3      | Reached XP level 4. HP: 14/23 MP: 6/8
   810 | D:3      | Found a stormy altar of Qazlal.
   938 | D:4      | Reached skill level 3 in Spellcasting
   978 | D:4      | Reached XP level 5. HP: 9/27 MP: 4/10
  1229 | D:5      | Entered Level 5 of the Dungeon
  1235 | D:5      | Noticed Edmund
  1305 | D:5      | HP: 1/27 [white imp (3)]
  1307 | D:5      | Reached skill level 1 in Ice Magic
  1460 | D:6      | Found a runed translucent door.
  1461 | D:6      | Noticed Crazy Yiuf
  1498 | D:6      | Noticed Eustachio
  1519 | D:6      | Killed Eustachio
  1520 | D:6      | Reached skill level 1 in Throwing
  1520 | D:6      | Reached XP level 6. HP: 32/32 MP: 9/12
  1554 | D:6      | Found a staircase to the Ecumenical Temple.
  1569 | Temple   | Entered the Ecumenical Temple
  1580 | Temple   | Became a worshipper of Vehumet
  1628 | D:6      | Noticed an orc warrior
  2614 | D:3      | Found an ancient bone altar of Kikubaaqudgha.
  2615 | D:3      | Noticed a human
  2618 | D:3      | Killed a human
  2880 | D:4      | Reached skill level 1 in Stealth
  2880 | D:4      | Reached XP level 7. HP: 36/36 MP: 13/13
  3740 | D:5      | Reached * piety under Vehumet
  3740 | D:5      | Offered knowledge of Shock by Vehumet.
  3783 | D:5      | Reached skill level 1 in Shields
  3794 | D:6      | Noticed Maggie
  3851 | D:5      | Reached skill level 4 in Spellcasting
  4052 | D:5      | Gained mutation: You have razor-sharp teeth. [Vine Stalker
                  | growth]
  4052 | D:5      | Reached XP level 8. HP: 42/42 MP: 15/15
  4368 | D:5      | Reached skill level 1 in Conjurations
  4607 | D:6      | Killed Maggie
  4608 | D:6      | Reached skill level 5 in Spellcasting
  4608 | D:6      | Reached skill level 1 in Alchemy
  4778 | D:6      | Killed Crazy Yiuf
  4900 | D:5      | Reached ** piety under Vehumet
  4900 | D:5      | Offered knowledge of Kiss of Death by Vehumet.
  5017 | D:5      | Found a white marble altar of Elyvilon.
  5596 | D:6      | Reached XP level 9. HP: 37/46 MP: 18/18
  5721 | D:6      | Noticed Jeremiah
  5750 | D:6      | HP: 1/41 [Jeremiah/bolt of light (9)]
  5751 | D:6      | Killed from afar by Jeremiah

Illustrated notes

Levels and vault maps discovered:
D:1:      giann_horns, layout_basic, shapermc_ecumenical_altar_rom_forum
D:2:      layout_loops_ring, kennysheep_minor_cross
D:3:      layout_rooms, mainiacjoe_overflow_catwalk, tgw_kikubaaqudgha
D:4:      layout_loops_corners
D:5:      nicolae_BIG_FREAKIN_CUBE, layout_basic, nicolae_elyvilon_temple_path,
          uniq_edmund
D:6:      nicolae_cairo_tiling_very_big, layout_cave_pods,
          minmay_temple_entry_grid, uniq_eustachio, uniq_jeremiah,
          uniq_crazy_yiuf_cottage, uniq_maggie
Temple:   nicolae_temple_bog_church

Skill      XL: |  1  2  3  4  5  6  7  8 |
---------------+-------------------------+-----
Long Blades    | 2 3 4 |  4.5
Fighting       | 2 3 4 |  4.5
Spellcasting   | 3 4 5 |  5.7
Ice Magic      | 1 2 4 |  4.4
Throwing       | 1 |  1.3
Dodging        | 2 |  2.7
Stealth        | 1 2 3 |  3.7
Shields        | 1 |  1.2
Conjurations   | 2 |  2.2
Alchemy        | 2 |  2.2
Armour         | |  0.7
Translocations | |  3.2

Action                     |  1- 3 |  4- 6 |  7- 9 || total
---------------------------+-------+-------+-------++-------
  Melee: Falchion          |   125 |    72 |   105 ||   302
         Bite              |    24 |    35 |    33 ||    92
         Long sword        |       |    73 |    15 ||    88
         Dagger            |       |     1 |     7 ||     8
         Punch             |       |     1 |     3 ||     4
  Throw: Dart              |       |     7 |     9 ||    16
   Cast: Frozen Ramparts   |       |       |    25 ||    25
         Blink             |       |       |     5 ||     5
  Evoke: Wand              |       |       |     1 ||     1
    Use: Scroll            |       |       |     6 ||     6
         Potion            |       |       |     1 ||     1
   Stab: Sleeping          |       |     1 |     5 ||     6
 Armour: Leather armour    |    79 |    66 |       ||   145
         Robe              |       |     4 |    60 ||    64
         Steam dragon scal |       |       |    29 ||    29
  Dodge: Dodged            |    72 |    78 |    53 ||   203
  Block: Other             |    21 |    26 |    21 ||    68
         Reflection        |       |       |     2 ||     2
